AoeStats
← nverdesprada

MegaRandom

510358974Analyzed
4v4 RM · 15h ago on Sep 30, 2026· 9m 29s· 8 players
Game mode
Random Map
Map size
Large (8 player)
Population
200
Speed
Normal
Resources
Standard
Victory
Conquest
Starting age
Dark Age
Ending age
Imperial Age
RankedLock teamsTeams togetherTeam positionsShared explorationLock speedFull tech treeHidden civsTurbo modeCheats
Victory
Defeat
🇩🇪 Armenians · Germany
1058
+13
🇧🇪 Italians · Belgium
1052
+13
🇹🇷 Chinese · Türkiye
1019
+14
🇪🇸 Persians · Spain
1000
+45
🇨🇴 Italians · Colombia
1013
-15
🇩🇪 Mongols · Germany
1005
-15
🇩🇪 Wei · Germany
959
-13
🇩🇪 Poles · Germany
951
-12
Saeer
3:08 Loom
nverdesprada
Lux
8:41 Loom
10:53 Feudal Age
Dostoyevski
0:59 Loom
11:15 Feudal Age
Jeanne d'Arc
2:26 Loom
ButterMyHead
10:41 Feudal Age
Yogurtu Mghe
4:15 Loom
Kim-Jong-Kill
Connection lost

Rejoining the realm…

Still unreachable

The connection could not be restored.

Session expired

The server has moved on; the page needs a fresh start.